 Dungeon Crawl Stone Soup version 0.29-a0-334-gb41bcbb86e (webtiles) character file.

Game seed: 16627646377607292935

252 Dauddaud the Insei (level 5, -10/40 HPs)
             Began as a Demigod Transmuter on Apr 14, 2022.
             Mangled by Duvessa
             ... wielding a +0 short sword
              (12 damage)
             ... on level 4 of the Dungeon.
             The game lasted 00:09:41 (3828 turns).

Dauddaud the Insei (Demigod Transmuter)             Turns: 3828, Time: 00:09:42

Health: -10/40     AC:  2    Str: 11    XL:     5   Next: 57%
Magic:  20/20      EV: 12    Int: 15    God:
Gold:   122        SH:  0    Dex: 18    Spells: 6/9 levels left

rFire   . . .      SeeInvis .     - Unarmed
rCold   . . .      Faith    .   (no shield)
rNeg    . . .      Spirit   .   a - +0 robe
rPois   .          Reflect  .   (no helmet)
rElec   .          Harm     .   (no cloak)
rCorr   .          Rampage  .   (no gloves)
Will    .....                   (no boots)
Stlth   ++........              (no amulet)
HPRegen 0.13/turn               e - ring of magical power
MPRegen 0.17/turn               (no ring)

@: no status effects
A: high MP 1, forlorn, divine attributes
a: no special abilities


You were on level 4 of the Dungeon.
You visited 1 branch of the dungeon, and saw 4 of its levels.

You collected 122 gold pieces.

Inventory:

Missiles
 m - 6 poisoned darts (quivered)
Armour
 a - a +0 robe (worn)
Jewellery
 e - a ring of magical power (left hand)
Wands
 f - a wand of polymorph (11)
 o - a wand of mindburst (18)
Scrolls
 b - a scroll of enchant weapon {unknown}
 d - 3 scrolls of identify {unknown}
 h - a scroll of enchant armour {unknown}
 k - a scroll of fog {unknown}
 p - a scroll of blinking {unknown}
 q - a scroll of amnesia {unknown}
 r - a scroll of magic mapping {unknown}
 s - a scroll of vulnerability {unknown}
 t - a scroll of teleportation {unknown}
Potions
 g - a potion of mutation {unknown}
 i - 3 potions of curing {unknown}
 j - a potion of degeneration {unknown}
 l - a potion of lignification
 n - a potion of heal wounds
 u - a potion of brilliance {unknown}


   Skills:
 + Level 1.1 Fighting
 + Level 1.0 Throwing
 + Level 2.2 Dodging
 + Level 0.8 Stealth
 * Level 4.7 Unarmed Combat
 + Level 2.6 Spellcasting
 * Level 2.5 Transmutations


You had 6 spell levels left.
You knew the following spells:

 Your Spells              Type           Power      Damage    Failure   Level
a - Beastly Appendage     Tmut           18%        N/A       8%          1
b - Wereblood             Tmut           9%         N/A       11%         2

Your spell library contained the following spells:

 Spells                   Type           Power      Damage    Failure   Level
 Spider Form              Tmut/Pois      5%         N/A       36%         3
 Ice Form                 Ice/Tmut       5%         N/A       77%         4


Dungeon Overview and Level Annotations

Branches:
Dungeon (4/15)
 Temple: D:4-7

Annotations:
D:4 Duvessa


Innate Abilities, Weirdness & Mutations

You have an increased reservoir of magic. (+10% MP)
You shall have no god before yourself.
Your divine heritage dramatically boosts your attributes as you level up.


Message History

Confirm with . or Enter, or press ? or * to list all spells.
You grow a pair of large bovine horns.
Your feet morph into talons.
Dowan gestures at you while chanting. The puff of frost hits you.
Your transformation is almost over.
You barely miss Dowan. Your kick misses Dowan.
Dowan is moderately wounded.
Dowan casts a spell at you. The puff of frost misses you.
You hit Dowan. Your kick misses Dowan.
Dowan is moderately wounded.
Dowan hits you with a +0 dagger.
You hit Dowan.
Dowan is heavily wounded.
You hit Dowan. Your kick misses Dowan. You headbutt Dowan, but do no damage.
Dowan is severely wounded.
Dowan barely misses you.
You closely miss Dowan. Your kick misses Dowan. Your headbutt misses Dowan.
Dowan is severely wounded.
You miss Dowan. You claw Dowan.
Dowan is almost dead.
Dowan hits you with a +0 dagger.
You hit Dowan but do no damage. You claw Dowan.
You kill Dowan!
Duvessa screams, "No!
How DARE you!"
Duvessa goes berserk!
Your Throwing skill increases to level 1!
An endoplasm comes into view.
Items here: ! ) [ †.
Your horns disappear.
Your talons disappear.
Duvessa closely misses you. Duvessa attacks as you move away!
Duvessa barely misses you. Duvessa attacks as you move away!
Duvessa hits you with a +0 short sword!
Duvessa rages.
Duvessa barely misses you. Duvessa attacks as you move away!
Duvessa hits you with a +0 short sword!
* * * LOW HITPOINT WARNING * * *
Duvessa rages.
Duvessa hits you with a +0 short sword!
You die...

#..l..#
###.J...#
#....#### #....#
+....#
#....#########
####.........#
#..e......+
#...@.....#
#...<.....#
#.........#
#.....#+##......
#.....# ......
#.....# ......
#..... ......
..... ..... ....


You could see Duvessa (berserk).

Vanquished Creatures
  Dowan (D:4)
  Terence (D:2)
  Natasha (thrice) (D:2)
  5 adders
  2 worms (D:2)
  6 ball pythons
  6 endoplasms
  A giant cockroach (D:2)
  A goblin (D:1)
  8 hobgoblins
  3 jackals
  A quokka (D:4)
  8 bats
  2 frilled lizards
  6 kobolds
  4 rats
58 creatures vanquished.

Notes
Turn   | Place    | Note
-------+----------+-------------------------------------------
     0 | D:1      | Dauddaud the Demigod Transmuter began the quest for the
                  | Orb.
     0 | D:1      | Reached XP level 1. HP: 15/15 MP: 5/5
   168 | D:1      | Reached skill level 3 in Unarmed Combat
   261 | D:1      | Reached XP level 2. HP: 19/22 MP: 5/7
   277 | D:1      | Learned a level 2 spell: Wereblood
  1453 | D:1      | Reached skill level 1 in Fighting
  1453 | D:1      | Reached XP level 3. HP: 7/28 MP: 8/8
  2238 | D:2      | Noticed Terence
  2241 | D:2      | Killed Terence
  2333 | D:2      | Reached skill level 4 in Unarmed Combat
  2333 | D:2      | Reached XP level 4. HP: 35/35 MP: 10/10
  2758 | D:2      | Noticed Natasha
  2761 | D:2      | Killed Natasha
  2794 | D:2      | Noticed Natasha
  2801 | D:2      | Killed Natasha
  2864 | D:2      | Noticed Natasha
  2874 | D:2      | Killed Natasha
  2875 | D:2      | Reached XP level 5. HP: 16/40 MP: 11/11
  3766 | D:4      | Noticed Duvessa
  3766 | D:4      | Noticed Dowan
  3820 | D:4      | Killed Dowan
  3821 | D:4      | Reached skill level 1 in Throwing
  3827 | D:4      | HP: 2/40 [Duvessa/+0 short sword (14)]
  3828 | D:4      | Mangled by Duvessa

Illustrated notes

Levels and vault maps discovered:
D:1:      minmay_arrival_pointy, layout_basic,
          hellmonk_ecumenical_altar_zigzags, minmay_pentomino_s2
D:2:      layout_basic, uniq_terence, uniq_natasha
D:3:      layout_rooms
D:4:      layout_gridville, mainiacjoe_overflow_brackets, uniq_robin,
          uniq_duvessa, uniq_pikel

Skill      XL: |  1  2  3  4  5 |
---------------+----------------+-----
Unarmed Combat | 3 4 |  4.7
Transmutations | 2 |  2.5
Spellcasting   | 2 |  2.6
Fighting       | 1 |  1.1
Dodging        | 2 |  2.2
Throwing       | 1 |  1.0
Stealth        | |  0.8

Action                   |  1- 3 |  4- 6 || total
-------------------------+-------+-------++-------
Melee: Unarmed           |    95 |    55 ||   150
       Kick              |    24 |     5 ||    29
       Headbutt          |    12 |     4 ||    16
       Punch             |     2 |     1 ||     3
Throw: Dart              |     8 |    19 ||    27
 Cast: Beastly Appendage |    20 |     6 ||    26
  Use: Potion            |     2 |       ||     2
 Stab: Sleeping          |     1 |     3 ||     4
Armor: Robe              |    30 |     7 ||    37
       Skin              |     7 |       ||     7
Dodge: Dodged            |    77 |    34 ||   111

Table legend: (Time is in decaauts)
 A = Elapsed time spent in this place.
 B = Non-inter-level travel time spent in this place.
 C = Inter-level travel time spent in this place.
 D = Time resting spent in this place.
 E = Time spent auto-exploring this place.
 F = Levels seen in this place.
 G = Mean time per level.
                   A        B        C        D        E       F      G
               +--------+--------+--------+--------+--------+-----+--------+
         Total |   3818 |   3773 |     45 |   1180 |   2065 |   4 |  954.5 |
       Dungeon |   3818 |   3773 |     45 |   1180 |   2065 |   4 |  954.5 |
               +--------+--------+--------+--------+--------+-----+--------+

Top non-repeatable levels by time:
     D:1: 1729 daAuts
     D:2: 1394 daAuts
     D:3: 656 daAuts
     D:4: 37 daAuts
